 Dungeon Crawl Stone Soup version 0.16-a0-1301-gf74d490 (console) character file.

371 Orcus the Stinger (level 6, -11/42 HPs)
             Began as a Demonspawn Venom Mage on Oct 15, 2014.
             Mangled by an ice beast (12 damage)
             ... on level 7 of the Dungeon.
             The game lasted 00:05:24 (1019 turns).

Orcus the Stinger (Demonspawn Venom Mage)           Turns: 1019, Time: 00:05:24

Health: -11/42     AC:  4    Str: 11    XL:     6   Next: 42%
Magic:  13/13      EV: 13    Int: 21    God:
Gold:   119        SH:  0    Dex: 13    Spells: 1 memorised, 10 levels left

rFire  . . .     SeeInvis .     h - +5 short sword
rCold  . . .     Clarity  .     a - +0 robe
rNeg   . . .     SustAb   .     (no shield)
rPois  +         Gourm    .     (no helmet)
rElec  .         Spirit   .     (no cloak)
rCorr  .         Warding  .     (no gloves)
rMut   .         Stasis   .     (no boots)
MR     .....                    (no amulet)
Stlth  ++........               (no ring)
                                j - ring of poison resistance

@: brilliant, not resistant to hostile enchantments, unstealthy
A: thin metallic scales 1, powered by pain 1
a: no special abilities


You were on level 7 of the Dungeon.
You were very hungry.

You visited 1 branch of the dungeon, and saw 7 of its levels.

You collected 119 gold pieces.

Inventory:

Hand weapons
 h - a +5 short sword (weapon)
Missiles
 d - 39 stones (quivered)
 i - 4 tomahawks
Armour
 a - a +0 robe (worn)
Jewellery
 j - a ring of poison resistance (left hand)
Magical devices
 n - a wand of frost (0)
Scrolls
 g - 4 scrolls of identify {unknown}
 k - a scroll of remove curse {unknown}
 o - 2 scrolls of enchant armour {unknown}
Books
 b - a Young Poisoner's Handbook

   Spells                             Type                      Level
   *Sting                             Conjuration/Poison           1
   Cure Poison                        Poison                       2
   Mephitic Cloud                     Conjuration/Poison/Air       3
   Olgreb's Toxic Radiance            Poison                       4
   Venom Bolt                         Conjuration/Poison           5
Comestibles
 c - 3 bread rations
 p - a beef jerky


   Skills:
 + Level 0.4 Fighting
 + Level 0.5 Short Blades
 + Level 3.2 Dodging
 + Level 2.3 Stealth
 + Level 3.4 Spellcasting
 + Level 2.0 Conjurations
 + Level 5.5 Poison Magic


You had 10 spell levels left.
You knew the following spells:

 Your Spells              Type           Power        Failure   Level  Hunger
a - Sting                 Conj/Pois      ####         1%          1    None


Dungeon Overview and Level Annotations

Branches:
Dungeon (7/15)
 Temple: D:4-7

Altars:
Elyvilon
Fedhas
Kikubaaqudgha
Makhleb
Nemelex Xobeh
Qazlal
Ru
Trog
Vehumet


Innate Abilities, Weirdness & Mutations

You are partially covered in thin metallic scales (AC +2).
You sometimes gain a little power by taking damage.


Message History

* * * LOW HITPOINT WARNING * * *
You hit the ice beast.
The ice beast is moderately wounded.
The ice beast misses you.
You hit the ice beast.
The ice beast is moderately wounded.
The ice beast misses you.
Unknown command.
You barely miss the ice beast.
The ice beast is moderately wounded.
The ice beast closely misses you.
You barely miss the ice beast.
The ice beast is moderately wounded.
The ice beast closely misses you.
You hit the ice beast.
The ice beast is heavily wounded.
The ice beast hits you.
* * * LOW HITPOINT WARNING * * *
The ice beast freezes you!
You die...

##### #...# #...#
#...# +...+ ######.@.#
#......Y.+
#.####...#####
#.......# +....##.#
######### #....#
#.......####....##.##
##.####.......#.#.....
#.# #.......#.#......


You could see an ice beast.

Vanquished Creatures
  An orc warrior (D:7)
  A big kobold (D:7)
  2 hounds
  A crimson imp (D:3)
  A worker ant (D:5)
  An orc wizard (D:7)
  Jessica (D:3)
  2 adders
  6 orcs
  2 bats (D:1)
  A giant cockroach (D:1)
  2 hobgoblins
  9 kobolds
  A ball python (D:4)
  A giant newt (D:1)
  A goblin (D:3)
  4 rats
37 creatures vanquished.

Notes
Turn   | Place    | Note
--------------------------------------------------------------
     0 | D:1      | Orcus, the Demonspawn Venom Mage, began the quest for the Orb.
     0 | D:1      | Reached XP level 1. HP: 13/13 MP: 3/3
   273 | D:1      | Gained mutation: You are partially covered in thin metallic scales (AC +2). [demonic ancestry]
   273 | D:1      | Reached XP level 2. HP: 16/19 MP: 1/4
   350 | D:3      | Noticed Jessica
   358 | D:3      | Killed Jessica
   372 | D:3      | Gained mutation: You sometimes gain a little power by taking damage. [demonic ancestry]
   372 | D:3      | Reached XP level 3. HP: 16/24 MP: 0/6
   414 | D:3      | Found a sparkling altar of Nemelex Xobeh.
   464 | D:3      | Found a radiant altar of Vehumet.
   464 | D:3      | Found a burning altar of Makhleb.
   476 | D:3      | Reached XP level 4. HP: 17/30 MP: 8/8
   529 | D:3      | Found a blossoming altar of Fedhas.
   532 | D:3      | Found a bloodstained altar of Trog.
   535 | D:3      | Found an ancient bone altar of Kikubaaqudgha.
   540 | D:3      | Found a sacrificial altar of Ru.
   723 | D:4      | Reached skill level 1 in Conjurations
   723 | D:4      | Reached skill level 5 in Poison Magic
   752 | D:4      | Found a stormy altar of Qazlal.
   772 | D:5      | Entered Level 5 of the Dungeon
   794 | D:5      | Reached XP level 5. HP: 29/35 MP: 5/10
   850 | D:6      | Found a white marble altar of Elyvilon.
   855 | D:7      | Noticed an orc warrior
   893 | D:7      | Killed an orc warrior
   903 | D:7      | Reached XP level 6. HP: 4/41 MP: 2/13
   966 | D:7      | Noticed an ice beast
  1014 | D:7      | HP: 2/42 [ice beast (8)]
  1019 | D:7      | HP: 1/42 [ice beast (2)]
  1019 | D:7      | Mangled by an ice beast

Action                   |  1- 3 |  4- 6 || total
-------------------------+-------+-------++-------
Melee: Unarmed           |    13 |       ||    13
       Short sword       |    24 |    56 ||    80
 Cast: Sting             |    22 |    35 ||    57
  Use: Potion            |       |     4 ||     4
